 Dungeon Crawl Stone Soup version 0.29-a0-275-g389c0b56f3 (webtiles) character file.

Game seed: 5330879961594368380

4169 Dabor the Carver (level 10, 0/96 HPs)
             Began as a Tengu Berserker on Mar 11, 2022.
             Was a Priest of Trog.
             Succumbed to a killer bee's poison
             ... on level 8 of the Dungeon on Mar 12, 2022.
             The game lasted 00:12:57 (8413 turns).

Dabor the Carver (Tengu Berserker)                  Turns: 8413, Time: 00:12:58

Health: 0/96       AC: 13    Str: 23    XL:     10   Next: 28%
Magic:  11/11      EV: 13    Int:  7    God:    Trog [***...]
Gold:   426        SH:  7    Dex: 13    Spells: 9/9 levels left

rFire   + . .      SeeInvis .   a - +1 falchion
rCold   x . .      Faith    .   D - +0 kite shield
rNeg    . . .      Spirit   .   e - +0 scale mail
rPois   .          Reflect  .   (helmet restricted)
rElec   .          Harm     .   w - +2 cloak {Will+}
rCorr   .          Rampage  .   n - +0 pair of gloves
Will    ++...                   (boots unavailable)
Stlth   ..........              x - amulet of regeneration
HPRegen 1.06/turn               i - ring of fire
MPRegen 0.12/turn               q - ring of willpower

@: berserking (expiring), lethally poisoned (0 -> 0), flying quickly and
evasively, studying Short Blades, very quick
A: beak, talons 3, nimble flight
a: Renounce Religion, Berserk, Trog's Hand


You were on level 8 of the Dungeon.
You worshipped Trog.
Trog was most pleased with you.
You visited 1 branch of the dungeon, and saw 8 of its levels.

You collected 426 gold pieces.

Inventory:

Hand Weapons
 a - a +1 falchion (weapon)
Armour
 e - a +0 scale mail (worn)
 n - a +0 pair of gloves (worn)
 w - a +2 cloak of willpower (worn)
 D - a +0 kite shield (worn)
Jewellery
 i - a ring of fire (left hand)
 q - a ring of willpower (right hand)
 x - an amulet of regeneration (around neck)
 y - an amulet of reflection
Wands
 o - a wand of paralysis (6)
 v - a wand of polymorph (12)
 z - a wand of flame (19)
 B - a wand of acid (11) (quivered)
Scrolls
 b - 2 scrolls of identify
 j - 5 scrolls of immolation
 k - 2 scrolls of vulnerability
 l - 2 scrolls of holy word
 m - a scroll of enchant weapon
 p - a scroll of teleportation
 t - a scroll of brand weapon
 A - 2 scrolls of fear {unknown}
 E - a scroll of magic mapping {unknown}
Potions
 c - 2 potions of attraction {unknown}
 d - 2 potions of curing {unknown}
 f - a potion of cancellation {unknown}
 g - a potion of magic {unknown}
 h - 2 potions of heal wounds {unknown}
 r - 2 potions of degeneration {unknown}
 s - 4 potions of flight {unknown}
 u - 2 potions of lignification {unknown}
 C - a potion of brilliance {unknown}


   Skills:
 * Level 7.9 Fighting
 * Level 8.6 Long Blades
 * Level 8.3 Armour
 * Level 8.2 Dodging
 + Level 1.4 Shields


You had 9 spell levels left.
You didn't know any spells.
Your spell library was empty.

Dungeon Overview and Level Annotations

Branches:
Dungeon (8/15)             Temple (0/1) D:5
   Lair: D:8-11

Altars:
Gozag
Nemelex Xobeh


Innate Abilities, Weirdness & Mutations

You have a beak for a mouth.
You have claws for feet.
Your magical nature lets you fly swiftly and evasively.


Message History

You kill the killer bee!
Trog accepts your kill.
* * * LOW HITPOINT WARNING * * *
You feel very sick.
The killer bee closely misses you. x2; The killer bee barely misses you.
You block the killer bee's attack.
You slash the killer bee! Your kick misses the killer bee.
Your peck misses the killer bee.
The killer bee is heavily wounded.
You feel sick.
The killer bee stings you but does no damage.
You block the killer bee's attack.
You barely miss the killer bee. Your peck misses the killer bee.
The killer bee is heavily wounded.
You feel sick.
The killer bee stings you but does no damage. x2
You closely miss the killer bee. Your kick misses the killer bee.
The killer bee is heavily wounded.
You feel sick. The killer bee misses you. x2
You block the killer bee's attack. The killer bee stings you.
* * * LOW HITPOINT WARNING * * *
You are too berserk!
You slash the killer bee!
You feel the power of Trog in you as your rage grows.
You kill the killer bee!
Trog accepts your kill.
* * * LOW HITPOINT WARNING * * *
You feel sick. You block the killer bee's attack.
You barely miss the killer bee. Your kick misses the killer bee.
* * * LOW HITPOINT WARNING * * *
You feel sick. The killer bee misses you.
You hit the killer bee. Your kick misses the killer bee.
The killer bee is moderately wounded.
* * * LOW HITPOINT WARNING * * *
You feel sick.
The killer bee stings you but does no damage. x2
You hit the killer bee. You claw the killer bee!
You kill the killer bee!
Trog accepts your kill.
You die...

#.......+.. .......
#.......#.. ......
##..###.###
#....######..###.###
#....#.............#
#....#.............#
#....#.............#
#..††#.............#
#..@†#.............#
#########....##+###...##.###
.................#######'#..
.................#.......+..
.................#.......#..
........##+##....##.....+#..
###+#...#≈≈≈#.#.....###.....
#...'≈≈≈+.#....##.##....
#...#≈≈≈###...##...##...


There were no monsters in sight!

Vanquished Creatures
  A two-headed ogre (D:5)
  A troll (D:6)
  4 yaks (D:8)
  An acid dragon (D:7)
  2 water moccasins
  4 black bears
  2 sky beasts (D:7)
  2 ice beasts
  2 ogres
  A centaur (D:6)
  A bullfrog (D:8)
  A necrophage (D:6)
  A gnoll sergeant (D:7)
  3 scorpions
  7 killer bees
  A jelly (D:5)
  2 gnoll shamans (D:6)
  4 hounds
  Crazy Yiuf (D:3)
  Jessica (D:2)
  Natasha (thrice) (D:3)
  4 orc wizards
  2 iguanas
  Robin (D:3)
  23 gnolls
  7 adders
  2 shadow imps
  A white imp (D:7)
  An ufetubus (D:5)
  2 worms (D:2)
  10 orcs
  8 endoplasms
  2 giant cockroaches
  10 goblins
  9 hobgoblins
  6 quokkas
  4 ball pythons
  7 bats
  4 frilled lizards
  8 kobolds
  4 rats
160 creatures vanquished.

Vanquished Creatures (others)
  3 plants (D:1)
3 creatures vanquished.

Grand Total: 163 creatures vanquished

Notes
Turn   | Place    | Note
-------+----------+-------------------------------------------
     0 | D:1      | Dabor the Tengu Berserker began the quest for the Orb.
     0 | D:1      | Reached XP level 1. HP: 14/14 MP: 2/2
   164 | D:1      | Reached XP level 2. HP: 19/19 MP: 3/3
  1383 | D:2      | Reached XP level 3. HP: 23/23 MP: 4/4
  1936 | D:2      | Reached ** piety under Trog
  1970 | D:2      | Found a faded altar of an unknown god.
  2298 | D:2      | Reached XP level 4. HP: 28/28 MP: 5/5
  2313 | D:2      | Found an opulent altar of Gozag.
  2471 | D:2      | Noticed Jessica
  2473 | D:2      | Killed Jessica
  2807 | D:3      | Found a runed translucent door.
  2808 | D:3      | Noticed Crazy Yiuf
  3132 | D:3      | Gained mutation: Your magical nature lets you fly swiftly
                  | and evasively. [Tengu growth]
  3132 | D:3      | Reached XP level 5. HP: 31/33 MP: 6/6
  3211 | D:3      | Noticed Natasha
  3215 | D:3      | Killed Natasha
  3709 | D:3      | Noticed Natasha
  3718 | D:3      | Killed Natasha
  3719 | D:3      | Reached XP level 6. HP: 32/38 MP: 7/7
  3797 | D:3      | Noticed Natasha
  3801 | D:3      | Killed Natasha
  4119 | D:3      | Noticed Robin
  4130 | D:3      | Killed Robin
  4641 | D:3      | Killed Crazy Yiuf
  5504 | D:5      | Entered Level 5 of the Dungeon
  5532 | D:5      | Found a staircase to the Ecumenical Temple.
  5676 | D:5      | Reached skill level 5 in Long Blades
  5676 | D:5      | Reached XP level 7. HP: 44/44 MP: 8/8
  6023 | D:6      | Noticed a troll
  6029 | D:6      | Killed a troll
  6030 | D:6      | Reached skill level 5 in Fighting
  6030 | D:6      | Reached skill level 5 in Armour
  6030 | D:6      | Reached skill level 5 in Dodging
  6050 | D:6      | You are sucked into a shaft and drop 2 floors!
  6065 | D:8      | Reached XP level 8. HP: 34/49 MP: 9/9
  6535 | D:6      | Reached XP level 9. HP: 20/55 MP: 10/10
  7397 | D:5      | Noticed a two-headed ogre
  7403 | D:5      | Killed a two-headed ogre
  7515 | D:5      | Reached *** piety under Trog
  7928 | D:7      | Reached XP level 10. HP: 50/63 MP: 11/11
  8135 | D:8      | Reached skill level 1 in Shields
  8336 | D:8      | Found a sparkling altar of Nemelex Xobeh.
  8408 | D:8      | HP: 4/96 [poisoned by a killer bee]
  8409 | D:8      | HP: 1/96 [killer bee (2)]
  8413 | D:8      | Succumbed to a killer bee's poison

Illustrated notes

Levels and vault maps discovered:
D:1:      dpeg_arrival_rhombus, layout_basic, serial_rivers,
          chequers_serial_rivers_small_b, chequers_serial_rivers_small_b,
          chequers_serial_rivers_micro_d, chequers_serial_rivers_room_b,
          chequers_serial_rivers_room_b, chequers_big_river
D:2:      layout_loops_corners, basic_altar,
          hellmonk_ecumenical_altar_slurped_away, eino_tiny_chamber,
          st_stairs_7, uniq_jessica
D:3:      layout_basic, uniq_robin, uniq_natasha, uniq_crazy_yiuf_cottage
D:4:      layout_basic
D:5:      layout_basic, temple_doors_e, minmay_manual_monstrance
D:6:      layout_cave_pods
D:7:      layout_basic, dk_vineyard_1
D:8:      layout_gridville, nemelex_spade_bored_becter, minmay_liquid_box

Skill      XL: |  1  2  3  4  5  6  7  8  9 10 |
---------------+-------------------------------+-----
Armour         | 3 4 5 6 7 8 |  8.3
Long Blades    | 4 5 6 8 |  8.6
Dodging        | 3 4 5 6 7 8 |  8.2
Fighting       | 4 5 6 7 |  7.9
Shields        | 1 |  1.4

Action                   |  1- 3 |  4- 6 |  7- 9 | 10-12 || total
-------------------------+-------+-------+-------+-------++-------
Melee: Falchion          |    87 |   141 |   211 |    61 ||   500
       Peck              |    12 |    18 |    43 |     6 ||    79
       Kick              |    23 |    29 |    61 |    23 ||   136
       Punch             |     1 |     3 |     2 |       ||     6
Invok: Berserk           |       |    10 |     9 |     2 ||    21
       Trog's Hand       |       |     1 |     1 |       ||     2
Evoke: Wand              |       |       |     3 |       ||     3
  Use: Scroll            |       |     5 |     2 |       ||     7
Armor: Scale mail        |    33 |    48 |    96 |    48 ||   225
       Animal skin       |     3 |       |       |       ||     3
Dodge: Dodged            |    37 |    88 |   221 |    68 ||   414
Block: Other             |       |       |     2 |       ||     2
       Kite shield       |       |       |       |    33 ||    33

Table legend: (Time is in decaauts)
 A = Elapsed time spent in this place.
 B = Non-inter-level travel time spent in this place.
 C = Inter-level travel time spent in this place.
 D = Time resting spent in this place.
 E = Time spent auto-exploring this place.
 F = Levels seen in this place.
 G = Mean time per level.
                   A        B        C        D        E       F      G
               +--------+--------+--------+--------+--------+-----+--------+
         Total |   8296 |   8029 |    267 |    306 |   6387 |   8 | 1037.0 |
       Dungeon |   8296 |   8029 |    267 |    306 |   6387 |   8 | 1037.0 |
               +--------+--------+--------+--------+--------+-----+--------+

Top non-repeatable levels by time:
     D:3: 1779 daAuts
     D:2: 1648 daAuts
     D:1: 1334 daAuts
     D:6: 1029 daAuts
     D:5: 805 daAuts
     D:4: 746 daAuts
     D:7: 633 daAuts
     D:8: 320 daAuts
